AoeStats
← Grimuka

Arena

510165681Analyzed
4v4 RM · 2d ago on Sep 29, 2026· 65m 0s· 8 players
Game mode
Random Map
Map size
Large (8 player)
Population
200
Speed
Normal
Resources
Standard
Victory
Conquest
Starting age
Dark Age
Ending age
Imperial Age
RankedLock teamsTeams togetherTeam positionsShared explorationLock speedFull tech treeHidden civsTurbo modeCheats
Victory
Defeat
🇮🇹 Danes · Italy
1027
+16
🇨🇴 Bulgarians · Colombia
990
+17
🇩🇰 Turks · Denmark
989
+17
🇮🇹 Byzantines · Italy
886
+22
🇺🇸 Vietnamese · United States
1050
-19
🇵🇱 Poles · Poland
1050
-19
🇨🇳 Goths · China
1018
-44
🇮🇩 Teutons · Indonesia
964
-16
Donp4ppa
10:33 Feudal Age
11:29 Double-Bit Axe
15:34 Castle Age
15:12 Horse Collar
20:51 Heavy Plow
22:06 Gold Mining
22:58 Bow Saw
22:41 Stone Mining
24:43 Wheelbarrow
28:30 Imperial Age
26:39 Loom
26:40 Town Watch
27:12 Hand Cart
28:09 Gold Shaft Mining
28:12 Ballistics
27:38 Treadmill Crane
28:42 Padded Archer Armor
29:10 Caravan
29:39 Town Patrol
30:48 Two-Man Saw
30:13 Leather Archer Armor
31:36 Bombard Tower
31:03 Arrowslits
31:59 Conscription
31:05 Elite Janissary
32:18 Husbandry
32:28 Bloodlines
32:52 Ring Archer Armor
32:27 Scale Barding Armor
32:33 Forging
32:54 Masonry
34:48 Chain Barding Armor
35:04 Iron Casting
35:48 Plate Barding Armor
39:06 Artillery
48:14 Blast Furnace
47:05 Fletching
49:06 Capped Ram
56:04 Architecture
55:45 Fortified Wall
61:26 Bodkin Arrow
Gori91
11:52 Feudal Age
15:59 Castle Age
14:16 Double-Bit Axe
14:36 Horse Collar
16:06 Gold Mining
16:09 Stone Mining
24:26 Bow Saw
24:21 Heavy Plow
25:41 Wheelbarrow
31:13 Imperial Age
29:05 Scale Barding Armor
29:11 Forging
29:50 Stone Shaft Mining
30:00 Gold Shaft Mining
31:15 Chain Barding Armor
32:09 Iron Casting
31:26 Fletching
31:07 Pikeman
31:52 Squires
34:36 Husbandry
33:59 Cavalier
34:24 Halberdier
36:12 Plate Barding Armor
35:38 Scale Mail Armor
36:46 Elite Cataphract
37:54 Murder Holes
38:20 Ballistics
38:15 Clinker Construction
39:52 Arson
40:56 Light Cavalry
41:37 Elite Skirmisher
42:24 Padded Archer Armor
42:20 Bodkin Arrow
42:42 Chain Mail Armor
42:21 Hussar
62:57 Plate Mail Armor
62:43 Leather Archer Armor
62:29 Bracer
63:37 Chemistry
62:50 Fortified Wall
63:20 Hand Cart
62:52 Loom
63:13 Caravan
Ottone il Grande
11:54 Feudal Age
15:48 Castle Age
15:16 Loom
15:20 Double-Bit Axe
15:19 Horse Collar
15:33 Gold Mining
31:00 Imperial Age
29:09 Wheelbarrow
28:20 Town Watch
29:09 Scale Mail Armor
29:20 Forging
29:00 Fletching
29:02 Arson
29:17 Squires
29:03 Gambesons
30:56 Chain Mail Armor
30:38 Bodkin Arrow
32:54 Plate Mail Armor
35:10 Iron Casting
37:03 Blast Furnace
36:00 Elite Varangian Guard
38:15 Bracer
41:29 Elite Skirmisher
42:14 Padded Archer Armor
43:21 Chemistry
42:17 Murder Holes
42:43 Ballistics
42:34 Masonry
42:30 Siege Engineers
45:57 Leather Archer Armor
46:54 Pikeman
48:24 Ring Archer Armor
47:57 Halberdier
Grimuka
5:11 Loom
10:36 Feudal Age
12:24 Horse Collar
12:29 Double-Bit Axe
20:06 Castle Age
18:11 Scale Mail Armor
18:44 Gold Mining
19:13 Forging
19:34 Arson
19:47 Stone Mining
21:15 Bow Saw
21:25 Squires
21:13 Gambesons
23:22 Gold Shaft Mining
28:01 Iron Casting
27:42 Chain Mail Armor
30:00 Heavy Plow
35:18 Imperial Age
32:41 Town Watch
33:51 Wheelbarrow
33:41 Pikeman
35:33 Hand Cart
35:18 Town Patrol
35:32 Fletching
35:43 Padded Archer Armor
35:31 Onager
37:48 Conscription
39:26 Coinage
38:57 Caravan
39:21 Bodkin Arrow
39:42 Leather Archer Armor
39:26 Halberdier
40:39 Elite Skirmisher
41:34 Siege Onager
44:26 Plate Mail Armor
44:57 Blast Furnace
47:25 Bracer
49:49 Banking
55:00 Stone Shaft Mining
54:38 Siege Engineers
54:30 Murder Holes
54:41 Elite Konnik
57:14 Scale Barding Armor
58:19 Bagains
60:35 Crop Rotation
60:28 Chain Barding Armor
60:21 Stirrups
60:56 Capped Ram
matys95
10:40 Feudal Age
15:17 Castle Age
13:29 Double-Bit Axe
14:47 Loom
16:34 Bow Saw
18:26 Horse Collar
20:56 Heavy Plow
21:41 Stone Mining
21:43 Gold Mining
22:48 Forging
22:44 Scale Barding Armor
22:54 Padded Archer Armor
22:46 Fletching
24:50 Stone Shaft Mining
25:28 Iron Casting
28:03 Wheelbarrow
30:31 Szlachta Privileges
33:04 Imperial Age
30:50 Hand Cart
31:09 Chain Barding Armor
32:00 Ballistics
31:50 Careening
31:42 Murder Holes
33:17 Leather Archer Armor
32:57 Bodkin Arrow
33:55 Husbandry
34:06 Bloodlines
33:16 Cavalier
33:23 Crossbowman
34:09 Thumb Ring
33:27 Light Cavalry
34:31 Lechitic Legacy
34:43 Conscription
36:06 Blast Furnace
36:13 Chemistry
35:03 Arrowslits
35:13 Winged Hussar
36:09 Bracer
36:32 Arbalester
57:53 Caravan
60:50 Crop Rotation
steffens-spieleadresse
10:32 Feudal Age
14:55 Castle Age
13:35 Stone Mining
14:13 Double-Bit Axe
19:35 Horse Collar
22:04 Bow Saw
22:31 Fletching
27:10 Loom
28:00 Wheelbarrow
30:41 Imperial Age
30:48 Imperial Age
28:59 Heavy Plow
31:29 Elite Skirmisher
32:15 Thumb Ring
32:10 Bodkin Arrow
32:15 Padded Archer Armor
35:11 Chemistry
34:32 Ballistics
34:05 Imperial Skirmisher
35:05 Pikeman
35:50 Squires
35:59 Halberdier
41:44 Elite Fire Lancer
45:09 Paper Money
44:43 Capped Ram
45:27 Scale Mail Armor
45:38 Forging
45:38 Bracer
51:57 Leather Archer Armor
52:12 Town Watch
59:24 Ring Archer Armor
58:55 Scale Mail Armor
AJ不喜欢打游戏
1:09 Loom
12:41 Feudal Age
13:38 Double-Bit Axe
15:01 Horse Collar
17:36 Castle Age
17:16 Stone Mining
19:06 Bow Saw
20:16 Stone Shaft Mining
23:08 Wheelbarrow
29:13 Heavy Plow
32:00 Anarchy
32:49 Hand Cart
32:11 Pikeman
32:52 Squires
33:08 Gold Mining
37:07 Imperial Age
38:05 Forging
37:57 Scale Mail Armor
37:22 Elite Huskarl
38:24 Conscription
38:05 Perfusion
42:01 Perfusion
51:49 Conscription
53:17 Caravan
56:12 Iron Casting
55:53 Chain Mail Armor
57:54 Blast Furnace
60:20 Halberdier
Paradise
9:58 Feudal Age
10:12 Loom
13:23 Loom
14:35 Horse Collar
17:01 Castle Age
21:24 Heavy Plow
28:42 Wheelbarrow
33:07 Imperial Age
31:02 Double-Bit Axe
31:32 Forging
31:28 Scale Barding Armor
31:55 Bloodlines
32:46 Hand Cart
33:25 Iron Casting
34:17 Chain Barding Armor
33:21 Cavalier
36:41 Blast Furnace
36:16 Plate Barding Armor
35:09 Paladin
36:31 Gold Mining
36:31 Stone Mining
56:33 Pikeman
57:58 Halberdier
Connection lost

Rejoining the realm…

Still unreachable

The connection could not be restored.

Session expired

The server has moved on; the page needs a fresh start.